 Dungeon Crawl Stone Soup version 0.25.0-11-g1f837a76a1 (console) character file.

Game seed: 13127321264185849833

107 bli the Ruffian (level 4, 0/35 HPs)
             Began as a Draconian Transmuter on June 27, 2020.
             Slain by a worker ant (4 damage)
             ... on level 3 of the Dungeon.
             The game lasted 00:07:39 (2697 turns).

bli the Ruffian (Draconian Transmuter)              Turns: 2697, Time: 00:07:40

Health: 0/35       AC:  9    Str: 13    XL:     4   Next: 57%
Magic:  1/7        EV:  8    Int: 13    God:
Gold:   110        SH:  0    Dex: 12    Spells: 1/7 levels left

rFire    . . .     SeeInvis .     - Unarmed
rCold    . . .     Gourm    .   (no shield)
rNeg     . . .     Faith    +   (armour unavailable)
rPois    .         Spirit   .   (helmet restricted)
rElec    .         Reflect  .   (no cloak)
rCorr    .         Harm     .   (no gloves)
MR       .....                  (no boots)
Stlth    +.........             v - amulet of faith
HPRegen  0.11/turn              q - +4 ring of protection
MPRegen  0.10/turn              w - -4 ring of evasion (curse)

@: very slightly contaminated
A: unfitting armour, cold-blooded, AC +5
a: no special abilities


You were on level 3 of the Dungeon.
You were hungry.

You visited 1 branch of the dungeon, and saw 3 of its levels.

You collected 110 gold pieces.

Inventory:

Hand Weapons
 r - a +2 dagger of protection
 u - a cursed -3 hunting sling
Missiles
 a - 26 arrows
 b - 67 stones (quivered)
 e - 3 boomerangs
 i - 8 datura-tipped darts
 s - 2 atropa-tipped darts
 t - 7 poisoned darts
Jewellery
 q - a +4 ring of protection (left hand)
 v - an amulet of faith (around neck)
 w - a cursed -4 ring of evasion (right hand)
 y - an uncursed ring of fire {unknown}
Scrolls
 g - a scroll of identify
 j - a scroll of fear {unknown}
 o - a scroll of enchant weapon
 x - a scroll of amnesia {unknown}
Potions
 d - a potion of brilliance
 f - a potion of cancellation {unknown}
 h - 2 potions of degeneration {unknown}
 k - a potion of magic {unknown}
 l - 2 potions of ambrosia {unknown}
 m - a potion of curing {unknown}
 n - a potion of resistance {unknown}
 p - a potion of berserk rage
 A - a potion of lignification {unknown}
Comestibles
 c - 5 rations
 z - 8 chunks of flesh


   Skills:
 + Level 1.2 Fighting
 + Level 2.3 Dodging
 + Level 4.5 Unarmed Combat
 + Level 2.4 Spellcasting
 + Level 2.4 Transmutations
 * Level 0.3 Poison Magic


You had one spell level left.
You knew the following spells:

 Your Spells              Type           Power        Failure   Level  Hunger
a - Beastly Appendage     Tmut           #.....       9%          1    #......
b - Sticks to Snakes      Tmut           #.......     14%         2    ###....
S - Spider Form           Tmut/Pois      #.........   38%         3    ###....

Your spell library contained the following spells:

 Spells                   Type           Power        Failure   Level  Hunger
 Ice Form                 Ice/Tmut       #.......     83%         4    #####..
 Blade Hands              Tmut           #.........   94%         5    ######.


Dungeon Overview and Level Annotations

Branches:
Dungeon (3/15)

Altars:
Cheibriados
The Shining One


Innate Abilities, Weirdness & Mutations

Your plain brown scales are hard. (AC +5)
You cannot fit into any form of body armour.
You are cold-blooded and may be slowed by cold attacks.


Message History

You feel sick.
You are no longer poisoned.
The worker ant barely misses you.
You closely miss the worker ant.
The worker ant is almost dead.
The worker ant bites you!
* * * LOW HITPOINT WARNING * * *
Casting: Sticks to Snakes (safe; 14% risk of failure)
Confirm with . or Enter, or press ? or * to list all spells.
You miscast Sticks to Snakes.
You are very lightly contaminated with residual magic.
Nothing appears to happen.
The worker ant bites you but does no damage.
The worker ant bites you but does no damage.
Casting: Sticks to Snakes (safe; 14% risk of failure)
Confirm with . or Enter, or press ? or * to list all spells.
You miscast Sticks to Snakes.
Nothing appears to happen.
The worker ant bites you but does no damage.
The worker ant bites you.
You die...

# ####### .##.....## .........##
..........# ..........#
..........#
...%......###############
.....<.......w.a@..[....####
..........##....#######....##
.........###....# ####..#..#####
.##.......##....####.....##......
# #######........................
####....####.#####..##### #....#
#.# ##...... ##....# ##รท#
#....#. .......##..# #....#.
..###......## #....#. #..
#.....## ##.####


You could see a worm and a worker ant.

Vanquished Creatures
  Jessica (D:2)
  2 adders (D:2)
  A dart slug (D:1)
  A leopard gecko (D:2)
  9 bats
  3 giant cockroaches
  3 goblins
  5 hobgoblins
  7 jackals
  A quokka (D:3)
  9 frilled lizards
  5 kobolds
  7 rats
54 creatures vanquished.

Vanquished Creatures (collateral kills)
  An adder (D:3)
  A worm (D:2)
  4 frilled lizards (D:2)
6 creatures vanquished.

Grand Total: 60 creatures vanquished

Notes
Turn   | Place    | Note
-------+----------+-------------------------------------------
     0 | D:1      | bli the Draconian Transmuter began the quest for the Orb.
     0 | D:1      | Reached XP level 1. HP: 16/16 MP: 3/3
   377 | D:1      | Reached XP level 2. HP: 23/23 MP: 5/5
   384 | D:1      | Learned a level 2 spell: Sticks to Snakes
   828 | D:1      | Reached skill level 4 in Unarmed Combat
  1381 | D:2      | Reached XP level 3. HP: 28/28 MP: 4/6
  1439 | D:2      | Noticed Jessica
  1446 | D:2      | Killed Jessica
  1725 | D:2      | Reached XP level 4. HP: 32/35 MP: 5/7
  1731 | D:2      | Learned a level 3 spell: Spider Form
  2222 | D:2      | Found a glowing golden altar of the Shining One.
  2226 | D:2      | Found a snail-covered altar of Cheibriados.
  2697 | D:3      | Slain by a worker ant

Illustrated notes

Levels and vault maps discovered:
D:1:      dpeg_arrival_castle, layout_basic
D:2:      layout_basic, nicolae_overflow_hidden_temple, minmay_lizard_king,
          uniq_jessica
D:3:      layout_rooms, minmay_ruptured

Skill      XL: |  1  2 |
---------------+-------+-----
Unarmed Combat | 4 |  4.5
Dodging        | 2 |  2.3
Fighting       | |  1.2
Spellcasting   | |  2.4
Transmutations | |  2.4
Poison Magic   | |  0.3

Action                   |  1- 3 |  4- 6 || total
-------------------------+-------+-------++-------
Melee: Unarmed           |   117 |    77 ||   194
       Headbutt          |     9 |     4 ||    13
       Tailslap          |     8 |     7 ||    15
       Kick              |     4 |     5 ||     9
 Cast: Beastly Appendage |    16 |     7 ||    23
       Sticks to Snakes  |     2 |     4 ||     6
  Use: Scroll            |       |     3 ||     3
  Eat: Chunk             |     3 |     3 ||     6
Armor: Skin              |    37 |    40 ||    77
Dodge: Dodged            |    71 |    57 ||   128
